 Dungeon Crawl Stone Soup version 0.31-a0-544-gceb718ecc6 (webtiles) character file.

Game seed: 6254464959527434168

541 lunkers the Martial Artist (level 7, -12/52 HPs)
             Began as a Meteoran Shapeshifter on Aug 15, 2023.
             Was an Initiate of Gozag.
             Mangled by an ogre
             ... wielding a +0 giant club
              (25 damage)
             ... on level 5 of the Dungeon.
             The game lasted 00:04:05 (1978 turns).

lunkers the Martial Artist (Meteoran Shapeshifter)  Turns: 1978, Time: 00:04:05

Health: -12/52     AC:  5    Str: 16    XL:     7   Next: 81%
Magic:  17/17      EV: 11    Int:  9    God:    Gozag
Gold:   253        SH:  0    Dex: 18    Spells: 6/6 levels left

rFire   . .          .
                       - Unarmed
rCold   . . .        (no shield)
rNeg    . . .        m - +0 ring mail
rPois   .            (helmet currently unavailable)
rElec   .            (cloak currently unavailable)
rCorr   .            (gloves currently unavailable)
SInv    .            (boots currently unavailable)
Will    .....        (no amulet)
Stlth   +            o - ring of magical power
HPRegen 0.28/turn    (no ring)
MPRegen 0.15/turn

%: no passive effects
@: beast-form, gold aura, glowing
A: beast (slay +3), sense surroundings 1, otherworldly, glowing, explore regen
a: Begin Untransformation, Renounce Religion, Potion Petition, Call Merchant,
Bribe Branch


You were on level 5 of the Dungeon.
You worshipped Gozag.
Gozag was aware of your devotion.
You were a hulking beast.
You visited 2 branches of the dungeon, and saw 6 of its levels.

You collected 320 gold pieces.
You paid 67 gold pieces to Gozag.

Inventory:

Armour
 a - a +0 animal skin
 f - a +0 pair of boots
 l - a +0 helmet
 m - a +0 ring mail (worn)
Jewellery
 o - a ring of magical power (left hand)
Talismans
 c - a beast talisman (active)
 d - a flux talisman
Scrolls
 g - 2 scrolls of blinking
 i - 2 scrolls of teleportation
 n - a scroll of summoning
Potions
 b - 2 potions of lignification
 e - a potion of degeneration {unknown}
 h - 2 potions of curing
 j - a potion of might
 k - a potion of brilliance {unknown}


   Skills:
 - Level 1.1 Fighting
 - Level 2.1 Dodging
 * Level 8.2 Unarmed Combat
 + Level 5.6 Shapeshifting


You had 6 spell levels left.
You didn't know any spells.
Your spell library contained the following spells:

 Spells                   Type           Power      Damage    Failure   Level
 Kiss of Death            Conj/Necr      0%         2d5       61%         1
 Cigotuvi's Dreadful Rot  Necr/Pois/Air  0%         N/A       75%         2
 Confusing Touch          Hex            0%         N/A       93%         3
 Dispel Undead            Necr           0%         3d6       100%        4
 Death Channel            Necr           0%         N/A       100%        6


Dungeon Overview and Level Annotations

Branches:
Dungeon (5/15) Zot: 1060   Temple (1/1) D:4 Zot: 581

Altars:
Ashenzari
Cheibriados
Dithmenos
Gozag
Hepliaklqana
Kikubaaqudgha
Makhleb
Ru
Sif Muna
Trog
Uskayaw
Vehumet
Wu Jian
Zin
The Shining One


Innate Abilities, Weirdness & Mutations

You are a hulking beast.
Your limbs bulge with bestial killing power. (Slay +3)
You passively map a small area around you.
You are easily found by Zot.
You glow in the dark.
You regain HP and MP as you explore.


Message History

You punch the scorpion!
The scorpion is almost dead.
The scorpion stings you.
You are poisoned.
The scorpion poisons you!
You hit the scorpion but do no damage.
The scorpion is almost dead.
You feel very sick. The scorpion closely misses you.
You hit the scorpion.
You kill the scorpion!
You feel sick.
Your Unarmed Combat skill increases to level 8!
You hit the jelly.
Your hands burn!
The jelly is moderately wounded.
You feel sick.
You punch the jelly!
Your hands burn!
You punch the jelly.
You kill the jelly!
You feel sick.
You punch the adder!
You kill the adder!
You feel sick.
The ogre is distracted by your dazzling golden aura.
You swing at nothing.
You feel sick.
You swing at nothing.
You feel sick.
You swing at nothing.
You feel sick.
You swing at nothing.
You feel sick.
You swing at nothing.
You feel sick.
The ogre is no longer distracted by gold.
You swing at nothing.
You feel sick.
You are no longer poisoned.
You hit the ogre but do no damage. The ogre hits you with a +0 giant club!
* * * LOW HITPOINT WARNING * * *
You hit the ogre.
The ogre is lightly wounded.
You punch the ogre! x2
The ogre is almost dead.
The ogre hits you with a +0 giant club!!
You die...
Your body crumbles into a pile of gold.

..............###
*
.#######...##...#
*
..###....######.#
#>....#### #.#
*.. ###..## #.#
*#.. ###..# #.##
*... * ...).#
#..# #.# .<#)##
##.###..# * , ,
..#)# #h#... * *
..#)# ##O#.#* ,
..#)# #..$.#,
..#.# #....O.....
###.# *
#..##....>..
#...######......,
.#..... *
##..............
##..... **
##.######.......
.... ##.# *
.....# * ,...


You could see an ogre.

Vanquished Creatures
  Eustachio (D:5)
  An ogre (D:5)
  A scorpion (D:5)
  An orc priest (D:5)
  2 jellies (D:5)
  An orc wizard (D:5)
  Natasha (D:2)
  3 adders
  A shadow imp (D:4)
  A worm (D:4)
  12 orcs
  6 ball pythons
  2 bats
  10 endoplasms
  A giant cockroach (D:1)
  5 goblins
  3 hobgoblins
  19 jackals
  3 kobolds
  2 quokkas
  4 frilled lizards
  4 rats
84 creatures vanquished.

Notes
Turn   | Place    | Note
-------+----------+-------------------------------------------
     0 | D:1      | lunkers the Meteoran Shapeshifter began the quest for the
                  | Orb.
     0 | D:1      | Reached XP level 1. HP: 16/16 MP: 2/2
   190 | D:1      | Reached skill level 4 in Unarmed Combat
   190 | D:1      | Reached XP level 2. HP: 18/23 MP: 3/3
   256 | D:1      | Reached XP level 3. HP: 17/28 MP: 4/4
   504 | D:1      | Glimpsed the power of Zot.
   697 | D:2      | Reached XP level 4. HP: 27/35 MP: 5/5
   733 | D:2      | Reached skill level 5 in Unarmed Combat
   870 | D:2      | Found a faded altar of an unknown god.
   925 | D:2      | Noticed Natasha
   932 | D:2      | Killed Natasha
   981 | D:3      | Reached XP level 5. HP: 40/40 MP: 6/6
  1320 | D:4      | Found a staircase to the Ecumenical Temple.
  1329 | Temple   | Entered the Ecumenical Temple
  1338 | Temple   | Became a worshipper of Gozag Ym Sagoz the Greedy
  1513 | D:4      | Reached skill level 6 in Unarmed Combat
  1689 | D:5      | Entered Level 5 of the Dungeon
  1692 | D:5      | Reached XP level 6. HP: 47/47 MP: 7/7
  1749 | D:5      | Found a sacrificial altar of Ru.
  1795 | D:5      | Noticed an ogre
  1802 | D:5      | Killed an ogre
  1803 | D:5      | Reached skill level 5 in Shapeshifting
  1850 | D:5      | Noticed Eustachio
  1854 | D:5      | Reached skill level 7 in Unarmed Combat
  1862 | D:5      | Reached XP level 7. HP: 27/52 MP: 8/8
  1867 | D:5      | Killed Eustachio
  1897 | D:5      | Found a hide-covered altar of Uskayaw.
  1967 | D:5      | Reached skill level 8 in Unarmed Combat
  1978 | D:5      | Mangled by an ogre

Illustrated notes

Levels and vault maps discovered:
D:1:      spicycebolla_green_bress_n_ham_2, layout_basic
D:2:      layout_basic, serial_curves, eino_curves_01, eino_curves_03,
          hellmonk_ecumenical_altar_inner_sanctum, uniq_natasha
D:3:      layout_loops_ring, kennysheep_ying_yang
D:4:      layout_gridville, temple_fountains
D:5:      layout_rooms, nicolae_overflow_crystal_walls,
          nicolae_ru_sacrificial_ziggurat, portal_sewer_entry_e, st_stairs_5,
          uniq_ijyb, uniq_eustachio
Temple:   nicolae_temple_ecumenical_triangle

Skill      XL: |  1  2  3  4  5  6  7 |
---------------+----------------------+-----
Unarmed Combat | 4 5 6 7 8 |  8.2
Shapeshifting  | 4 5 |  5.6
Fighting       | |  1.1
Dodging        | |  2.1

Action                     |  1- 3 |  4- 6 |  7- 9 || total
---------------------------+-------+-------+-------++-------
  Melee: Unarmed           |    73 |   103 |    19 ||   195
         Punch             |       |     2 |     2 ||     4
    Use: Scroll            |       |     6 |       ||     6
         Potion            |       |     1 |       ||     1
 Armour: Animal skin       |    12 |       |       ||    12
         Ring mail         |       |    26 |     5 ||    31
  Dodge: Dodged            |    42 |    43 |     2 ||    87

Table legend: (Time is in decaauts)
 A = Elapsed time spent in this place.
 B = Non-inter-level travel time spent in this place.
 C = Inter-level travel time spent in this place.
 D = Time resting spent in this place.
 E = Time spent auto-exploring this place.
 F = Levels seen in this place.
 G = Mean time per level.
                   A        B        C        D        E       F      G
               +--------+--------+--------+--------+--------+-----+--------+
         Total |   1957 |   1887 |     70 |      0 |   1368 |   6 |  326.2 |
       Dungeon |   1938 |   1877 |     61 |      0 |   1368 |   5 |  387.6 |
        Temple |     18 |      9 |      9 |      0 |      0 |   1 |   18.0 |
               +--------+--------+--------+--------+--------+-----+--------+

Top non-repeatable levels by time:
     D:1: 531 daAuts
     D:2: 431 daAuts
     D:4: 375 daAuts
     D:3: 318 daAuts
     D:5: 282 daAuts
  Temple: 18 daAuts
